General information
- name: BNet
- type: Ladder team game (AT/RT)
- host: Battle.net
- saver: FrancaisForce69
map: GolemsInTheMist
- players: 8
- length: 24:04
- speed: Fast
- version: 1.28 W3XP
- replay type: Public
» download(302 KB)
Players
team 1 (winner)
KaMiKaDZee (
blue | 159 APM | 3818 actions | 24:03)
5 Archmage
3 Summon Water Elemental
2 Brilliance Aura
5 Mountain King
3 Storm Bolt
2 Bash
» actions
| Assign group hotkey | 31 | |
| Basic commands | 334 | |
| Build / train | 70 | |
| Enter build submenu | 29 | |
| Enter hero's abilities submenu | 10 | |
| Give item / drop item | 1 | |
| Remove unit from queue | 1 | |
| Right click | 1314 | |
| Select / deselect | 478 | |
| Select group hotkey | 1450 | |
| Use ability | 100 | |
3818 total
» units
| Peasant | 15 | |
| Footman | 8 | |
| Goblin Zeppelin | 1 | |
| Gryphon Rider | 11 | |
| Mortar Team | 2 | |
37 total
» upgrades
| Storm Hammers | 1 | |
| Swords | 3 | |
| Armor | 2 | |
| Flare | 1 | |
7 total
» buildings
| Altar of Kings | 1 | |
| Farm | 13 | |
| Barracks | 1 | |
| Scout Tower | 1 | |
| Arcane Tower | 2 | |
| Lumber Mill | 1 | |
| Arcane Vault | 1 | |
| Keep | 2 | |
| Blacksmith | 1 | |
| Castle | 1 | |
| Gryphon Aviary | 2 | |
| Workshop | 1 | |
| Town Hall | 2 | |
29 total
» build order
00:07 Altar of Kings
00:08 Farm
00:31 Barracks
00:47 Farm
01:28 Farm
01:40 Scout Tower
02:22 Arcane Tower
02:22 Arcane Tower
02:57 Lumber Mill
03:17 Arcane Vault
03:25 Keep
03:25 Keep
03:50 Blacksmith
03:52 Farm
03:55 Farm
06:04 Castle
06:37 Gryphon Aviary
06:38 Gryphon Aviary
06:51 Workshop
08:15 Town Hall
09:20 Farm
09:20 Farm
11:53 Farm
11:53 Farm
11:53 Farm
17:16 Farm
17:16 Farm
17:17 Farm
22:22 Town Hall
» items
| Scroll of Regeneration | 3 | |
| Scroll of Town Portal | 2 | |
| Orb of Fire | 1 | |
6 total
FrancaisForce69 (
orange | 48 APM | 1160 actions | 24:04)
5 Paladin
2 Divine Shield
3 Holy Light
» actions
| Assign group hotkey | 21 | |
| Basic commands | 25 | |
| Build / train | 81 | |
| Enter build submenu | 31 | |
| Enter hero's abilities submenu | 5 | |
| Remove unit from queue | 3 | |
| Right click | 456 | |
| Select / deselect | 303 | |
| Select group hotkey | 175 | |
| Use ability | 60 | |
1160 total
» units
| Peasant | 8 | |
| Footman | 28 | |
| Rifleman | 10 | |
46 total
» upgrades
| Defend | 1 | |
| Masonry | 2 | |
| Swords | 2 | |
| Plating | 3 | |
| Lumber Harvesting | 1 | |
| Gunpowder | 1 | |
| Armor | 1 | |
| Long Rifles | 1 | |
12 total
» buildings
| Altar of Kings | 1 | |
| Barracks | 2 | |
| Farm | 7 | |
| Scout Tower | 16 | |
| Lumber Mill | 1 | |
| Arcane Tower | 2 | |
| Guard Tower | 6 | |
| Blacksmith | 1 | |
| Keep | 1 | |
| Arcane Vault | 1 | |
| Castle | 1 | |
39 total
» build order
00:11 Altar of Kings
00:19 Barracks
00:34 Farm
01:12 Farm
01:49 Farm
02:08 Scout Tower
02:22 Scout Tower
02:25 Scout Tower
02:38 Lumber Mill
03:15 Farm
03:39 Arcane Tower
03:54 Guard Tower
04:08 Guard Tower
04:51 Farm
05:03 Farm
06:37 Farm
06:51 Blacksmith
09:03 Scout Tower
09:05 Scout Tower
09:17 Keep
09:33 Guard Tower
09:36 Scout Tower
09:38 Scout Tower
11:07 Guard Tower
11:29 Scout Tower
11:30 Scout Tower
11:31 Scout Tower
11:31 Scout Tower
11:58 Guard Tower
14:30 Arcane Vault
14:56 Guard Tower
15:33 Castle
17:16 Scout Tower
17:17 Scout Tower
17:53 Guard Tower
18:05 Barracks
20:53 Scout Tower
20:56 Scout Tower
21:26 Arcane Tower
21:28 Scout Tower
» items
| Scroll of Town Portal | 3 | |
| Orb of Venom | 1 | |
4 total
greydergraue (
yellow | 101 APM | 2426 actions | 24:03)
5 Demon Hunter
3 Mana Burn
2 Evasion
2 Priestess of the Moon
1 Trueshot Aura
1 Searing Arrows
2 Keeper of the Grove
1 Entangling Roots
1 Thorns Aura
» actions
| Assign group hotkey | 23 | |
| Basic commands | 29 | |
| Build / train | 61 | |
| Enter build submenu | 15 | |
| Enter hero's abilities submenu | 9 | |
| Give item / drop item | 2 | |
| Right click | 1463 | |
| Select / deselect | 376 | |
| Select group hotkey | 386 | |
| Use ability | 62 | |
2426 total
» units
| Wisp | 11 | |
| Huntress | 7 | |
| Hippogryph | 5 | |
| Chimaera | 5 | |
28 total
» upgrades
| Strength of the Moon | 2 | |
| Moon Armor | 1 | |
| Sentinel | 1 | |
| Upgrade Moon Glaive | 1 | |
| Well Spring | 1 | |
| Strength of the Wild | 1 | |
| Nature's Blessing | 1 | |
| Corrosive Breath | 1 | |
9 total
» buildings
| Altar of Elders | 1 | |
| Moon Well | 6 | |
| Hunter's Hall | 1 | |
| Ancient of War | 2 | |
| Tree of Ages | 1 | |
| Tree of Eternity | 1 | |
| Ancient of Wonders | 1 | |
| Ancient of Wind | 1 | |
| Chimaera Roost | 2 | |
| Tree of Life | 1 | |
17 total
» build order
00:14 Altar of Elders
00:22 Moon Well
01:12 Moon Well
01:46 Hunter's Hall
01:58 Ancient of War
02:29 Ancient of War
03:29 Tree of Ages
04:09 Moon Well
06:04 Moon Well
06:48 Moon Well
06:50 Tree of Eternity
07:44 Ancient of Wonders
09:14 Moon Well
11:03 Ancient of Wind
13:08 Chimaera Roost
13:13 Chimaera Roost
21:47 Tree of Life
» items
| Scroll of Town Portal | 1 | |
| Orb of Venom | 2 | |
| Potion of Healing | 1 | |
| Staff of Preservation | 1 | |
| Moonstone | 1 | |
6 total

»
GOD (
red | 81 APM | 1937 actions | 24:03)
4 Warden
2 Fan of Knives
2 Blink
2 Keeper of the Grove
1 Force of Nature
1 Thorns Aura
2 Priestess of the Moon
1 Trueshot Aura
1 Searing Arrows
» actions
| Assign group hotkey | 23 | |
| Basic commands | 2 | |
| Build / train | 81 | |
| ESC pressed | 7 | |
| Enter build submenu | 38 | |
| Enter hero's abilities submenu | 9 | |
| Right click | 839 | |
| Select / deselect | 372 | |
| Select group hotkey | 472 | |
| Use ability | 94 | |
1937 total
» units
| Wisp | 34 | |
| Chimaera | 8 | |
| Hippogryph | 16 | |
58 total
» upgrades
| Reinforced Hides | 3 | |
| Corrosive Breath | 1 | |
| Strength of the Wild | 3 | |
| Ultravision | 1 | |
| Well Spring | 1 | |
9 total
» buildings
| Moon Well | 9 | |
| Tree of Ages | 2 | |
| Altar of Elders | 1 | |
| Hunter's Hall | 1 | |
| Tree of Eternity | 1 | |
| Tree of Life | 3 | |
| Ancient of Wind | 1 | |
| Ancient Protector | 10 | |
| Chimaera Roost | 2 | |
| Ancient of Wonders | 1 | |
31 total
» build order
00:24 Moon Well
00:28 Moon Well
00:46 Moon Well
01:36 Tree of Ages
01:37 Tree of Ages
01:41 Altar of Elders
01:57 Moon Well
02:23 Hunter's Hall
02:36 Moon Well
04:01 Tree of Eternity
04:06 Moon Well
04:45 Tree of Life
06:17 Ancient of Wind
07:08 Ancient Protector
07:16 Ancient Protector
07:32 Chimaera Roost
07:40 Chimaera Roost
07:51 Moon Well
07:59 Ancient of Wonders
08:27 Moon Well
08:32 Ancient Protector
09:38 Ancient Protector
09:52 Ancient Protector
10:19 Moon Well
17:16 Tree of Life
18:03 Ancient Protector
18:48 Ancient Protector
18:50 Ancient Protector
18:52 Ancient Protector
19:02 Ancient Protector
20:36 Tree of Life
team 2 (loser)

»
pupirka (
pink | 103 APM | 2477 actions | 23:59)
4 Tauren Chieftain
2 War Stomp
2 Shockwave
3 Shadow Hunter
1 Healing Wave
2 Hex
2 Far Seer
1 Chain Lighting
1 Far Sight
» actions
| Assign group hotkey | 110 | |
| Basic commands | 161 | |
| Build / train | 84 | |
| Enter build submenu | 23 | |
| Enter hero's abilities submenu | 10 | |
| Give item / drop item | 3 | |
| Remove unit from queue | 4 | |
| Right click | 864 | |
| Select / deselect | 191 | |
| Select group hotkey | 902 | |
| Use ability | 125 | |
2477 total
» units
| Peon | 13 | |
| Goblin Shredder | 1 | |
| Shaman | 8 | |
| Troll Witch Doctor | 5 | |
| Spirit Walker | 1 | |
28 total
» upgrades
| Shaman Training | 2 | |
| Witch Doctor Training | 2 | |
| Reinforced Defenses | 1 | |
| Spiked Barricades | 3 | |
| Spirit Walker Training | 2 | |
10 total
» buildings
| Altar of Storms | 4 | |
| Orc Burrow | 8 | |
| War Mill | 1 | |
| Stronghold | 3 | |
| Voodoo Lounge | 2 | |
| Fortress | 1 | |
| Spirit Lodge | 3 | |
| Great Hall | 4 | |
26 total
» build order
00:09 Altar of Storms
00:13 Orc Burrow
01:01 War Mill
01:55 Stronghold
02:04 Voodoo Lounge
02:27 Orc Burrow
04:11 Orc Burrow
04:22 Fortress
04:28 Spirit Lodge
05:47 Spirit Lodge
05:51 Spirit Lodge
06:40 Great Hall
07:09 Orc Burrow
13:20 Great Hall
14:22 Voodoo Lounge
14:37 Orc Burrow
14:38 Orc Burrow
14:39 Orc Burrow
14:40 Orc Burrow
16:01 Great Hall
17:34 Great Hall
19:45 Altar of Storms
19:47 Altar of Storms
19:50 Altar of Storms
22:24 Stronghold
22:24 Stronghold
» items
| Healing Salve | 3 | |
| Lesser Clarity Potion | 10 | |
| Orb of Lightning | 2 | |
| Scroll of Town Portal | 3 | |
18 total
DONECK_INDEPEND (
teal | 45 APM | 1074 actions | 23:56)
4 Archmage
2 Summon Water Elemental
2 Brilliance Aura
3 Paladin
2 Holy Light
1 Divine Shield
» actions
| Assign group hotkey | 3 | |
| Build / train | 49 | |
| Enter build submenu | 15 | |
| Enter hero's abilities submenu | 7 | |
| Right click | 714 | |
| Select / deselect | 224 | |
| Select group hotkey | 12 | |
| Use ability | 50 | |
1074 total
» units
» upgrades
| Lumber Harvesting | 1 | |
| Swords | 3 | |
| Animal War Training | 1 | |
| Armor | 2 | |
| Storm Hammers | 1 | |
8 total
» buildings
| Lumber Mill | 1 | |
| Altar of Kings | 1 | |
| Farm | 9 | |
| Keep | 2 | |
| Barracks | 1 | |
| Arcane Vault | 1 | |
| Blacksmith | 1 | |
| Castle | 2 | |
| Gryphon Aviary | 3 | |
| Town Hall | 1 | |
22 total
» build order
00:11 Lumber Mill
00:24 Altar of Kings
00:36 Farm
01:03 Farm
01:20 Farm
02:33 Keep
02:43 Barracks
02:52 Arcane Vault
03:02 Blacksmith
04:02 Farm
04:03 Farm
04:55 Castle
05:11 Gryphon Aviary
05:15 Gryphon Aviary
05:25 Gryphon Aviary
06:59 Farm
07:00 Farm
09:00 Farm
09:01 Farm
16:17 Town Hall
17:56 Keep
20:18 Castle
» items
| Healing Salve | 2 | |
| Scroll of Town Portal | 1 | |
| Potion of Healing | 1 | |
4 total
fatmir19 (
purple | 85 APM | 2003 actions | 23:30)
4 Tauren Chieftain
2 Endurance Aura
2 War Stomp
3 Shadow Hunter
2 Hex
1 Healing Wave
» actions
| Assign group hotkey | 31 | |
| Basic commands | 45 | |
| Build / train | 59 | |
| ESC pressed | 1 | |
| Enter build submenu | 16 | |
| Enter hero's abilities submenu | 7 | |
| Remove unit from queue | 4 | |
| Right click | 1038 | |
| Select / deselect | 294 | |
| Select group hotkey | 451 | |
| Use ability | 57 | |
2003 total
» units
| Peon | 9 | |
| Troll Headhunter/Berserker | 25 | |
| Kodo Beast | 3 | |
| Demolisher | 1 | |
38 total
» upgrades
| Ranged Weapons | 1 | |
| War Drums Damage Increase | 1 | |
| Troll Regeneration | 1 | |
| Berserker Upgrade | 1 | |
4 total
» buildings
| Orc Burrow | 9 | |
| Altar of Storms | 1 | |
| War Mill | 1 | |
| Barracks | 1 | |
| Voodoo Lounge | 1 | |
| Stronghold | 2 | |
| Fortress | 1 | |
| Beastiary | 1 | |
| Watch Tower | 1 | |
| Great Hall | 1 | |
19 total
» build order
00:22 Orc Burrow
00:37 Altar of Storms
01:01 War Mill
01:11 Barracks
02:21 Orc Burrow
02:28 Voodoo Lounge
03:05 Stronghold
04:01 Orc Burrow
05:54 Fortress
07:06 Orc Burrow
07:07 Beastiary
09:23 Watch Tower
09:57 Orc Burrow
13:06 Orc Burrow
13:37 Orc Burrow
16:10 Great Hall
16:26 Orc Burrow
18:36 Orc Burrow
20:18 Stronghold
» items
ifeelumon (
green | 128 APM | 3087 actions | 24:02)
5 Blademaster
3 Wind Walk
2 Critical Strike
» actions
| Assign group hotkey | 29 | |
| Basic commands | 52 | |
| Build / train | 73 | |
| ESC pressed | 1 | |
| Enter build submenu | 30 | |
| Enter hero's abilities submenu | 5 | |
| Give item / drop item | 5 | |
| Right click | 1159 | |
| Select / deselect | 443 | |
| Select group hotkey | 1185 | |
| Use ability | 105 | |
3087 total
» units
| Peon | 9 | |
| Grunt | 5 | |
| Raider | 5 | |
| Kodo Beast | 2 | |
| Goblin Shredder | 1 | |
| Goblin Zeppelin | 1 | |
| Tauren | 6 | |
| Shaman | 5 | |
34 total
» upgrades
| Armor | 3 | |
| Berserker Strength | 1 | |
| Melee Weapons | 1 | |
| Shaman Training | 2 | |
| Ensnare | 1 | |
| Reinforced Defenses | 1 | |
| Pulverize | 1 | |
| War Drums Damage Increase | 1 | |
11 total
» buildings
| Altar of Storms | 1 | |
| Orc Burrow | 12 | |
| Barracks | 1 | |
| Voodoo Lounge | 1 | |
| Stronghold | 1 | |
| War Mill | 2 | |
| Fortress | 1 | |
| Spirit Lodge | 1 | |
| Beastiary | 1 | |
| Tauren Totem | 1 | |
| Watch Tower | 5 | |
| Great Hall | 1 | |
28 total
» build order
00:09 Altar of Storms
00:14 Orc Burrow
00:32 Barracks
01:33 Orc Burrow
02:07 Voodoo Lounge
03:11 Stronghold
04:54 Orc Burrow
04:58 War Mill
06:37 Fortress
06:41 Spirit Lodge
06:46 Beastiary
08:59 Tauren Totem
09:03 Watch Tower
10:01 Orc Burrow
10:07 Orc Burrow
10:40 Great Hall
10:42 Watch Tower
10:43 Watch Tower
10:45 Orc Burrow
11:49 Watch Tower
12:34 Watch Tower
18:36 Orc Burrow
18:40 Orc Burrow
18:43 Orc Burrow
18:48 Orc Burrow
18:57 Orc Burrow
19:40 Orc Burrow
21:35 War Mill
» items
| Healing Salve | 6 | |
| Lesser Clarity Potion | 5 | |
| Scroll of Speed | 2 | |
| Scroll of Town Portal | 5 | |
| Orb of Lightning | 1 | |
19 total
Chat log
(06:23 / Allies) KaMiKaDZee: bb
(08:54 / Allies) GOD: thanks mate !!!
(08:57 / Allies) GOD: well played
(10:19 / Allies) greydergraue: we need aa
(10:24 / Allies) greydergraue: for griff
(12:58 / Allies) greydergraue: b
(16:30 / All) FrancaisForce69: DEUS VULT
(18:07 / Allies) FrancaisForce69: gold plz
(18:35 / Allies) GOD: dispell
(18:37 / Allies) GOD: make dispell
(18:45 / Allies) FrancaisForce69: run my friend
(20:25 / Allies) greydergraue: take
(20:25 / Allies) greydergraue: mine
(21:31 / Allies) FrancaisForce69: woods?
(23:41 / All) FrancaisForce69: DIE ENGLISH PIGDOGS!
(23:59 / All) greydergraue: gg
(24:01 / All) ifeelumon: gege